 Dungeon Crawl Stone Soup version 0.21.1-1-g345015fe64 (webtiles) character file.

53858 Jannitor the Thrower (level 14, -8/181 (183) HPs)
             Began as a Demonspawn Assassin on June 30, 2018.
             Was an Elder of Trog.
             Mangled by a dire elephant (22 damage)
             ... on level 6 of the Lair of Beasts.
             The game lasted 01:13:29 (35778 turns).

Jannitor the Thrower (Demonspawn Assassin)         Turns: 35778, Time: 01:13:30

HP:   -8/181 (183)  AC: 19    Str: 21    XL:     14   Next: 32%
MP:   0/18          EV: 18    Int: 13    God:    Trog [****..]
Gold: 1044          SH:  0    Dex: 15    Spells: 13/13 levels left

rFire    . . .     SeeInvis +   a - +2 dagger (venom)
rCold    + . .     Gourm    .   (no shield)
rNeg     . . .     Faith    .   r - +2 leather armour {MR+}
rPois    +         Spirit   +   A - +1 helmet
rElec    .         Reflect  .   d - +1 cloak
rCorr    .         Harm     .   (gloves unavailable)
MR       ++++.                  C - +0 pair of boots
Stlth    ..........             (no amulet)
HPRegen  1.40/turn              N - ring of protection from cold
MPRegen  0.32/turn              E - ring of see invisible

@: berserking, sanguine armour, regenerating, very quick
A: claws 3, nightstalker 1, poison resistance, robust 1, magic shield, magic
regeneration, sanguine armour 2
a: Berserk, Trog's Hand, Brothers in Arms, Burn Spellbooks, Renounce Religion


You were on level 6 of the Lair of Beasts.
You worshipped Trog.
Trog was greatly pleased with you.
You were not hungry.

You visited 4 branches of the dungeon, and saw 20 of its levels.
You also visited: Sewer, Ice Cave and Volcano.

You collected 2226 gold pieces.
You spent 1182 gold pieces at shops.

Inventory:

Hand Weapons
 a - a +2 dagger of venom (weapon)
 b - a +8 blowgun
 k - a +2 dagger of flaming
Missiles
 e - 87 poisoned needles
 f - 10 curare-tipped needles
 O - 4 throwing nets
 T - 4 javelins of penetration
 X - 3 needles of sleeping
 Z - 8 silver javelins (quivered)
Armour
 d - a +1 cloak (worn)
 r - a +2 leather armour of magic resistance (worn)
 t - a +0 buckler
 A - a +1 helmet (worn)
 C - a +0 pair of boots (worn)
 L - a +0 robe of resistance
Jewellery
 c - an uncursed ring of protection from fire
 z - an uncursed ring of resist corrosion
 E - a ring of see invisible (right claw)
 N - a ring of protection from cold (left claw)
 U - an uncursed ring of protection from fire
Wands
 h - a wand of iceblast (29)
 I - a wand of digging (22)
Scrolls
 l - 12 scrolls of remove curse
 o - 6 scrolls of teleportation
 q - a scroll of blinking
 s - 3 scrolls of fog
 G - 7 scrolls of identify
 K - a scroll of fear
 M - 4 scrolls of enchant armour
Potions
 i - a potion of agility
 j - a potion of mutation
 n - 2 potions of cancellation
 p - a potion of haste
 u - 10 potions of curing
 v - 4 potions of heal wounds
 w - 2 potions of might
 B - 6 potions of flight
 F - 2 potions of brilliance
 H - 3 potions of invisibility
 P - 2 potions of ambrosia
 Q - 4 potions of resistance
 R - a potion of berserk rage
Books
 D - a book of Summonings

   Spells                             Type                      Level
   a - Recall                         Summoning/Translocation      3
   b - Aura of Abjuration             Summoning                    5
   c - Summon Demon                   Summoning                    5
   d - Summon Forest                  Summoning/Translocation      5
   e - Summon Mana Viper              Hexes/Summoning              5
   f - Shadow Creatures               Summoning                    6
   Trog disapproves of the use of such an item.
 V - a book of Debilitation

   Spells                             Type                      Level
   a - Corona                         Hexes                        1
   b - Slow                           Hexes                        2
   c - Inner Flame                    Hexes/Fire                   3
   d - Portal Projectile              Hexes/Translocation          3
   e - Cause Fear                     Hexes                        4
   f - Leda's Liquefaction            Hexes/Earth                  4
   Trog disapproves of the use of such an item.
 Y - a book of Misfortune

   Spells                             Type                      Level
   a - Confusing Touch                Hexes                        1
   b - Confuse                        Hexes                        3
   c - Gell's Gravitas                Translocation                3
   d - Petrify                        Transmutation/Earth          4
   e - Metabolic Englaciation         Hexes/Ice                    5
   f - Yara's Violent Unravelling     Hexes/Transmutation          5
   Trog disapproves of the use of such an item.
Miscellaneous
 J - a phial of floods
 S - a phantom mirror
 W - a lamp of fire (inert)
Comestibles
 g - 13 rations


   Skills:
 + Level 10.7 Fighting
 + Level 9.8 Short Blades
 * Level 14.2 Throwing
 + Level 2.5 Armour
 - Level 9.2 Dodging
 + Level 12.0 Stealth
 - Level 5.9 Evocations


You had 13 spell levels left.
You didn't know any spells.

Dungeon Overview and Level Annotations

Branches:
Dungeon (11/15)            Temple (1/1) D:5            Lair (6/6) D:9
  Swamp (0/4) Lair:2       Spider (0/4) Lair:3        Slime (0/5) Lair:5
    Orc (2/2) D:10            Elf (0/3) Orc:2

Altars:
Cheibriados
Dithmenos
Elyvilon
Fedhas
Gozag
Hepliaklqana
Kikubaaqudgha
Makhleb
Nemelex Xobeh
Okawaru
Qazlal
Ru
Sif Muna
Trog
Uskayaw
Vehumet
Wu Jian
Xom
Yredelemnul
Zin
The Shining One
Beogh
Jiyva

Shops:
D:4 %   D:5 *   D:6 }*   Orc:1 [   Orc:2 %}*%

Annotations:
D:11 exclusion: ugly thing
Lair:2 exclusion: oklob plant
Lair:5 1 runed door


Innate Abilities, Weirdness & Mutations

You have claws for hands.
You are slightly more attuned to the shadows.
When hurt, damage is shared between your health and your magic reserves.
You regenerate magic rapidly.
When seriously injured, your bleeding wounds create thick armour. (AC +9)
Your system is resistant to poisons. (rPois)
You are robust. (+10% HP)


Message History

The dire elephant tramples you!
* * * LOW HITPOINT WARNING * * *
You hold your ground!
The dire elephant trunk-slaps you!
* * * LOW HITPOINT WARNING * * *
You hit the dire elephant but do no damage.
The dire elephant looks as sick as possible!
The dire elephant is heavily wounded.
Unknown command.
You puncture the dire elephant!
The dire elephant looks as sick as possible!
The dire elephant is severely wounded.
Your ogre hits the dire elephant with a giant club!!
Unknown command.
You hit the dire elephant.
The dire elephant is almost dead.
The dire elephant tramples you!!
* * * LOW HITPOINT WARNING * * *
You hold your ground!
The dire elephant barely misses you. The dire elephant tramples you!!
You die...

)..........[#.8##....
............#.####''#
........#...#.##.≈≈≈##
.......###P.#.#.≈≈≈≈≈#
.......#PP..#.#≈≈≈≈≈≈#
.......PPP..#.##≈≈≈..#
............#.P#≈...##
............##O####'##
............♣#.Y@#8.8#
.......#P#...###Y#..Y###
......####....##§##..#.##
...P.####.....##.§#..Y..##
.....##.......♣##§#..'...##
.##..#........♣ #§#####Y..#
##...........♣# #§..8#...##
##......#....######.YY....#
#..######...♣#...'...##...#


You could see 2 dire elephants and a friendly ogre (berserk).

Vanquished Creatures
  A frost giant (IceCv)
  A dire elephant (Lair:6)
  An anaconda (Lair:6)
  7 hydras
  5 two-headed ogres
  2 death yaks (IceCv)
  Sonja (Lair:1)
  An unseen horror (D:10)
  2 lindwurms (Lair:2)
  2 orc knights
  3 salamanders (Volcano)
  3 black mambas
  7 elephants (Lair:6)
  An ice statue (IceCv)
  7 spiny frogs
  A rime drake (Lair:3)
  5 komodo dragons
  2 trolls
  13 polar bears
  2 hornets
  A merfolk (D:10)
  6 hippogriffs
  19 blink frogs
  A redback (Lair:3)
  A wyvern (Lair:6)
  58 yaks
  A fire bat (Volcano)
  2 basilisks
  A hungry ghost (D:10)
  2 wargs (Orc:1)
  A soldier ant (D:10)
  2 hell hounds (Volcano)
  6 porcupines
  10 water moccasins
  A hornet zombie (D:7)
  36 orc warriors
  2 black bears
  2 sky beasts
  3 ice beasts
  An ogre (Orc:2)
  2 necrophages
  2 eyes of draining
  18 wolves
  7 centaurs (Orc:2)
  3 big kobolds
  10 crocodiles
  13 bullfrogs
  3 scorpions
  A water moccasin skeleton (D:8)
  A troll zombie (D:8)
  6 killer bees (D:7)
  A howler monkey (D:7)
  14 wights
  3 crimson imps
  A jelly (D:7)
  2 bullfrog zombies
  A quasit (D:11)
  3 hounds
  13 orc priests
  6 human zombies (D:8)
  18 orc wizards
  A bullfrog skeleton (D:4)
  A centaur skeleton (D:11)
  Jessica (D:2)
  Terence (D:1)
  An iguana (D:8)
  11 worker ants
  An ogre zombie (D:8)
  A hound zombie (D:8)
  3 hound skeletons
  A mummy (D:8)
  2 worker ant zombies
  Robin (D:3)
  2 gnolls (D:2)
  A howler monkey skeleton (D:4)
  8 adders
  6 river rats
  4 shadow imps
  4 oozes
  An adder skeleton (D:6)
  A dart slug (D:2)
  6 leopard geckos
  63 orcs
  10 ball pythons
  7 giant cockroaches
  12 hobgoblins
  6 jackals
  11 quokkas
  12 bats
  4 frilled lizards
  12 goblins
  29 kobolds
  A leopard gecko skeleton (D:3)
  A quokka skeleton (D:4)
  29 rats
  5 plants (Lair:6)
611 creatures vanquished.

Vanquished Creatures (collateral kills)
  A spiny frog (Lair:1)
1 creature vanquished.

Vanquished Creatures (others)
  A two-headed ogre (Volcano)
  4 polar bears (IceCv)
  2 yaks (IceCv)
  12 wolves (IceCv)
  An orc (D:7)
  11 fungi
  9 plants
40 creatures vanquished.

Grand Total: 652 creatures vanquished

Notes
Turn   | Place    | Note
-------+----------+-------------------------------------------
     0 | D:1      | Jannitor the Demonspawn Assassin began the quest for the Orb.
     0 | D:1      | Reached XP level 1. HP: 16/16 MP: 1/1
    52 | D:1      | Reached skill level 1 in Dodging
   184 | D:1      | Gained mutation: When hurt, damage is shared between your health and your magic reserves. [demonic ancestry]
   184 | D:1      | Reached XP level 2. HP: 19/22 MP: 2/2
   490 | D:1      | Reached skill level 2 in Throwing
   674 | D:2      | Noticed Terence
   679 | D:2      | Noticed Jessica
   687 | D:1      | Killed Terence
   687 | D:1      | Reached XP level 3. HP: 23/28 MP: 1/3
  1115 | D:2      | Reached XP level 4. HP: 30/34 MP: 4/4
  1343 | D:2      | Killed Jessica
  1515 | D:2      | Noticed a dagger
  1515 | D:2      | Noticed a hand axe
  1542 | D:2      | Found a hide-covered altar of Uskayaw.
  1941 | D:2      | Reached XP level 5. HP: 20/39 MP: 2/5
  2222 | D:3      | Noticed Robin
  2684 | D:3      | Killed Robin
  2684 | D:3      | Reached skill level 5 in Stealth
  2961 | D:3      | Found an ornate altar of the Wu Jian Council.
  3153 | D:3      | Found a sacrificial altar of Ru.
  3345 | D:4      | Found Ycaeture's Food Emporium.
  3352 | D:4      | Gained mutation: You are slightly more attuned to the shadows. [demonic ancestry]
  3352 | D:4      | Reached XP level 6. HP: 47/47 MP: 6/6
  3485 | D:4      | Found a glowing drain.
  3554 | D:4      | Gained mutation: Your system is resistant to poisons. (rPois) [potion of mutation]
  3554 | D:4      | Gained mutation: You are robust. (+10% HP) [potion of mutation]
  3556 | Sewer    | Entered a sewer
  3655 | Sewer    | Reached skill level 3 in Throwing
  3923 | Sewer    | Gained mutation: When seriously injured, your bleeding wounds create armour. (AC +9) [demonic ancestry]
  3923 | Sewer    | Reached XP level 7. HP: 50/57 MP: 5/7
  4689 | D:5      | Entered Level 5 of the Dungeon
  4914 | D:5      | Found a staircase to the Ecumenical Temple.
  4915 | D:5      | Found Zinawifa's Assorted Antiques.
  4920 | D:5      | Bought a bubbling brown potion for 23 gold pieces
  4920 | D:5      | Bought a sedimented inky potion for 23 gold pieces
  4920 | D:5      | Bought a scroll of identify for 52 gold pieces
  4929 | Temple   | Entered the Ecumenical Temple
  5051 | Temple   | Became a worshipper of Trog the Wrathful
  5605 | D:6      | Found Voumoi's Gadget Shop.
  5637 | D:6      | Found Zin's Purification Station.
  5650 | D:6      | Found a glowing silver altar of Zin.
  5810 | D:6      | Gained mutation: You have sharp fingernails. [demonic ancestry]
  5810 | D:6      | Reached XP level 8. HP: 49/66 MP: 8/8
  6041 | D:6      | Found a glowing golden altar of the Shining One.
  6336 | D:6      | Found a snail-covered altar of Cheibriados.
  6948 | D:7      | Reached skill level 4 in Throwing
  7255 | D:7      | Reached skill level 5 in Fighting
  7506 | D:7      | Gained mutation: You regenerate magic rapidly. [demonic ancestry]
  7506 | D:7      | Reached XP level 9. HP: 50/74 MP: 5/9
  7698 | D:7      | Found a radiant altar of Vehumet.
  7900 | D:7      | Noticed a two-headed ogre
  7920 | D:7      | Killed a two-headed ogre
  7920 | D:7      | Reached * piety under Trog
  7920 | D:7      | Reached skill level 5 in Short Blades
  7920 | D:7      | Reached skill level 1 in Evocations
  8039 | D:7      | Reached skill level 5 in Throwing
  8215 | D:7      | Found a deep blue altar of Sif Muna.
  8527 | D:7      | Found a shadowy altar of Dithmenos.
  8702 | D:8      | Reached skill level 5 in Dodging
  9139 | D:8      | Reached ** piety under Trog
  9652 | D:8      | Gained mutation: You have very sharp fingernails. [demonic ancestry]
  9652 | D:8      | Reached XP level 10. HP: 83/83 MP: 12/12
  9824 | D:8      | Found a basalt altar of Yredelemnul.
  9900 | D:8      | Noticed a two-headed ogre
  9931 | D:8      | Killed a two-headed ogre
 10276 | D:8      | Found a shimmering altar of Xom.
 10508 | D:9      | Reached skill level 6 in Throwing
 11168 | D:9      | Found a staircase to the Lair.
 11745 | D:9      | Noticed a two-headed ogre
 11746 | D:9      | Reached *** piety under Trog
 12243 | D:10     | Entered Level 10 of the Dungeon
 12875 | D:10     | Noticed an unseen horror
 12881 | D:10     | Killed an unseen horror
 12883 | D:10     | Found a staircase to the Orcish Mines.
 13270 | D:10     | Found a roughly hewn altar of Beogh.
 13304 | D:10     | Gained mutation: When seriously injured, your bleeding wounds create thick armour. (AC +9) [demonic ancestry]
 13304 | D:10     | Reached XP level 11. HP: 92/92 MP: 14/14
 13767 | D:10     | Reached skill level 5 in Evocations
 14429 | D:11     | Noticed a green ugly thing
 14670 | D:11     | Reached **** piety under Trog
 14948 | D:11     | Received a gift from Trog
 15683 | Lair:1   | Entered Level 1 of the Lair of Beasts
 15835 | Lair:1   | Reached skill level 7 in Throwing
 15840 | Lair:1   | Noticed Sonja
 15846 | Lair:1   | Killed Sonja
 16720 | Lair:1   | Reached skill level 10 in Stealth
 17907 | Lair:2   | Noticed a lindwurm
 17915 | Lair:2   | Killed a lindwurm
 17915 | Lair:2   | Reached XP level 12. HP: 75/102 MP: 16/16
 18045 | Lair:2   | Reached skill level 8 in Throwing
 18233 | Lair:2   | Noticed an eight-headed hydra
 18243 | Lair:2   | Killed an eight-headed hydra
 18549 | Lair:2   | Noticed a five-headed hydra
 18823 | Lair:2   | Killed a five-headed hydra
 18823 | Lair:2   | Reached skill level 9 in Throwing
 19156 | Lair:2   | Found a staircase to the Swamp.
 19397 | Lair:2   | Received a gift from Trog
 19893 | Lair:3   | Found a dark tunnel.
 19898 | Volcano  | Entered a volcano
 19945 | Volcano  | Noticed a two-headed ogre
 19945 | Volcano  | Noticed a two-headed ogre
 19963 | Volcano  | Killed a two-headed ogre
 19967 | Volcano  | Killed a two-headed ogre
 20229 | Volcano  | Noticed a two-headed ogre
 20238 | Volcano  | Reached skill level 10 in Throwing
 20264 | Volcano  | Killed a two-headed ogre
 20590 | Lair:3   | Identified the cursed +0 ring mail of the Heron {Regen+ Str+4 Int+2 Stlth+} (You found it on level 3 of the Lair of Beasts)
 20975 | Lair:3   | Found a hole to the Spider Nest.
 21299 | Lair:3   | Reached skill level 11 in Throwing
 21877 | Lair:4   | Noticed a six-headed hydra
 21890 | Lair:3   | Killed a six-headed hydra
 21890 | Lair:3   | Reached XP level 13. HP: 50/110 MP: 8/17
 23044 | D:6      | Bought a phial of floods for 560 gold pieces
 23044 | D:6      | Bought a wand of iceblast (11) for 210 gold pieces
 23492 | Lair:4   | Received a gift from Trog
 23837 | Lair:4   | Reached skill level 12 in Throwing
 24646 | Lair:5   | Found a frozen archway.
 24680 | IceCv    | Entered an ice cave
 26383 | IceCv    | Reached skill level 10 in Fighting
 26620 | IceCv    | Noticed a frost giant
 26673 | IceCv    | Killed a frost giant
 27463 | IceCv    | Reached skill level 13 in Throwing
 27894 | Lair:5   | Found a runed door.
 27894 | Lair:5   | Found a viscous altar of Jiyva.
 27894 | Lair:5   | Found a staircase to the Slime Pits.
 27894 | Lair:5   | Noticed an azure jelly
 28145 | Lair:6   | Entered Level 6 of the Lair of Beasts
 28528 | Orc:1    | Entered Level 1 of the Orcish Mines
 28529 | Orc:1    | Found Lupeohegh's Armour Shoppe.
 29070 | Orc:1    | Bought a +2 leather armour of magic resistance for 285 gold pieces
 29444 | Orc:2    | Entered Level 2 of the Orcish Mines
 29535 | Orc:2    | Found a staircase to the Elven Halls.
 29562 | Orc:2    | Found a shimmering altar of Xom.
 31981 | Orc:2    | Reached skill level 1 in Armour
 31981 | Orc:2    | Gained mutation: You have claws for hands. [demonic ancestry]
 31981 | Orc:2    | Reached XP level 14. HP: 105/121 MP: 18/18
 32342 | Orc:2    | Received a gift from Trog
 32583 | Orc:2    | Found Monosuci's Gadget Emporium.
 32583 | Orc:2    | Found Vaudaq's Assorted Antiques.
 32584 | Orc:2    | Found Ampezoys's Food Boutique.
 32586 | Orc:2    | Found Bawih's Food Shoppe.
 32591 | Orc:2    | Bought a scroll labeled HYVVUTS ATHRE for 29 gold pieces
 33948 | Lair:6   | Reached skill level 14 in Throwing
 35778 | Lair:6   | Mangled by a dire elephant

Skill      XL: |  1  2  3  4  5  6  7  8  9 10 11 12 13 14 |
---------------+-------------------------------------------+-----
Dodging        | 1 2 3 4 5 6 7 8 9 |  9.2
Throwing       | 2 3 4 5 6 7 11 13 14 | 14.2
Short Blades   | 2 3 4 5 6 7 8 9 |  9.8
Stealth        | 4 5 6 7 8 9 10 11 12 | 12.0
Fighting       | 3 4 5 6 7 8 9 10 | 10.7
Evocations     | 3 4 5 |  5.9
Armour         | 1 2 |  2.5

Action                   |  1- 3 |  4- 6 |  7- 9 | 10-12 | 13-15 || total
-------------------------+-------+-------+-------+-------+-------++-------
Melee: Dagger            |    87 |   297 |   470 |  1231 |  1321 ||  3406
 Fire: Blowgun           |     6 |       |    18 |    44 |   284 ||   352
Throw: Javelin           |       |       |       |       |     8 ||     8
Invok: Berserk           |       |       |     3 |    13 |     7 ||    23
       Trog's Hand       |       |       |       |     8 |     9 ||    17
       Burn Spellbooks   |       |       |       |     2 |       ||     2
       Brothers in Arms  |       |       |       |     1 |     1 ||     2
Evoke: Wand              |       |       |     4 |    16 |     7 ||    27
       Lamp of fire      |       |       |       |       |     2 ||     2
       Phial of floods   |       |       |       |       |     1 ||     1
  Use: Scroll            |       |    12 |     5 |    12 |     5 ||    34
       Potion            |       |     1 |     7 |       |     4 ||    12
 Stab: Sleeping          |     3 |    25 |    20 |    37 |    26 ||   111
       Distracted        |       |     1 |     1 |     5 |     2 ||     9
       Invisible         |       |       |       |       |     2 ||     2
       Paralysed         |       |       |       |       |     2 ||     2
  Eat: Chunk             |     1 |     5 |     7 |    31 |    30 ||    74
       Ration            |       |     1 |     5 |     6 |     7 ||    19
Armor: Robe              |    25 |    62 |   101 |   157 |    90 ||   435
       Leather armour    |       |       |       |       |   107 ||   107
Dodge: Dodged            |    53 |   183 |   254 |   580 |   764 ||  1834
